 Dungeon Crawl Stone Soup version 0.30-a0-800-g7c544603b3 (webtiles) character file.

Game seed: 2606325318648197268

44 cforsyth the Sneak (level 3, 0/22 HPs)
             Began as a Kobold Brigand on Feb 23, 2023.
             Slain by a gnoll
             ... wielding a +0 flail
              (10 damage)
             ... on level 2 of the Dungeon.
             The game lasted 00:01:24 (1170 turns).

cforsyth the Sneak (Kobold Brigand)                 Turns: 1170, Time: 00:01:24

Health: 0/22       AC:  4    Str:  8    XL:     3   Next: 87%
Magic:  3/3        EV: 15    Int: 12    God:
Gold:   119        SH:  0    Dex: 18    Spells: 2/2 levels left

rFire   . . .      SeeInvis .    a - +2 dagger
rCold   . . .      Faith    .    (no shield)
rNeg    . . .      Spirit   .    b - +0 robe
rPois   .          Reflect  .    (no helmet)
rElec   .          Harm     .    c - +0 cloak
rCorr   .          Rampage  .    k - +0 pair of gloves
Will    .....                    (no boots)
Stlth   ++++                     (no amulet)
HPRegen 0.23/turn                (no ring)
MPRegen 0.08/turn                (no ring)

@: no status effects
A: small, no large weapons, nightstalker 3
a: no special abilities


You were on level 2 of the Dungeon.
You visited 1 branch of the dungeon, and saw 2 of its levels.

You collected 146 gold pieces.
You spent 27 gold pieces at shops.

Inventory:

Hand Weapons
 a - a +2 dagger (weapon)
Missiles
 d - 9 poisoned darts (quivered)
 e - 3 curare-tipped darts
Armour
 b - a +0 robe (worn)
 c - a +0 cloak (worn)
 k - a +0 pair of gloves (worn)
Jewellery
 m - a +6 ring of strength
 o - a ring of magical power
Scrolls
 h - 2 scrolls of immolation {unknown}
 i - a scroll of blinking {unknown}
 j - a scroll of acquirement {unknown}
 n - 3 scrolls of identify {unknown}
Potions
 f - 2 potions of heal wounds {unknown}
 g - a potion of brilliance {unknown}
 l - a potion of cancellation {unknown}
 p - a potion of curing {unknown}
 q - a potion of might {unknown}


   Skills:
 + Level 2.8 Fighting
 + Level 3.5 Short Blades
 - Level 2.1 Throwing
 + Level 2.2 Dodging
 + Level 5.9 Stealth


You had 2 spell levels left.
You didn't know any spells.
Your spell library was empty.

Dungeon Overview and Level Annotations

Branches:
Dungeon (2/15)

Altars:

Shops:
D:1 *


Innate Abilities, Weirdness & Mutations

You are small and have problems with some larger weapons.
You are completely attuned to the shadows.


Message History

You are too injured to fight recklessly!
You are too injured to fight recklessly!
You are too injured to fight recklessly!
The gnoll attacks as you move away! The gnoll completely misses you.
The jackal attacks as you move away! The jackal closely misses you.
The jackal barely misses you.
A gnoll opens the door.
Found 5 gold pieces.
There is an open door here.
The jackal closely misses you.
You are too injured to fight recklessly!
You are too injured to fight recklessly!
You are too injured to fight recklessly!
You hit the jackal.
The jackal is heavily wounded.
The jackal barely misses you.
You hit the jackal.
You kill the jackal!
You hit the jackal.
The jackal is severely wounded.
The jackal closely misses you.
You hit the jackal but do no damage.
The jackal is severely wounded.
The jackal closely misses you. The jackal bites you.
You hit the jackal but do no damage.
The jackal is severely wounded.
The jackal closely misses you.
You closely miss the jackal.
The jackal is severely wounded.
The jackal closely misses you.
You hit the jackal.
You kill the jackal!
You hit the gnoll.
The gnoll is moderately wounded.
The gnoll misses you.
You hit the gnoll but do no damage.
The gnoll is moderately wounded.
You barely miss the gnoll.
The gnoll is moderately wounded.
The gnoll hits you with a +0 flail!
You die...

.......####...##.#######.........
.......')........................
.......####.......######.....#...
......## ##.#....# #...#.#..#
.....## ###.#### #..##.#..#
#...## #.### #........# ##'##
##...#### ##......## ##.######
#.......# ####.###
#.......#####..P@P..# #....#
#............###g#### #..#.#
#...###.######$'...# #..#.#
.....##.# ###...# #..#.##
....###.# +...# #...... #..## #.#
##### #.##.## #..# #.# #.##<#
#..####.# #....# #.......# ######


You could see a gnoll.

Vanquished Creatures
  2 adders (D:2)
  An orc (D:2)
  A ball python (D:2)
  An endoplasm (D:2)
  3 giant cockroaches (D:1)
  5 hobgoblins
  2 jackals (D:2)
  3 kobolds
  A quokka (D:1)
  2 bats (D:1)
  A frilled lizard (D:1)
22 creatures vanquished.

Notes
Turn   | Place    | Note
-------+----------+-------------------------------------------
     0 | D:1      | cforsyth the Kobold Brigand began the quest for the Orb.
     0 | D:1      | Reached XP level 1. HP: 12/12 MP: 1/1
   231 | D:1      | Found Syisoett's Assorted Antiques.
   237 | D:1      | Bought a scroll labelled KIMUOL YMAHAGG for 27 gold pieces
   297 | D:1      | Reached XP level 2. HP: 18/18 MP: 2/2
   308 | D:1      | Found a faded altar of an unknown god.
   821 | D:2      | Reached XP level 3. HP: 22/22 MP: 3/3
  1170 | D:2      | Slain by a gnoll

Illustrated notes

Levels and vault maps discovered:
D:1:      nagdon_arrival_zigzag_paths, layout_basic, serial_shops,
          nicolae_shop_overgrown_old_shop, basic_ecumenical_altar
D:2:      layout_loops_corners, cheibrodos_gnoll_hut

Skill      XL: |  1  2 |
---------------+-------+-----
Short Blades   | 3 |  3.5
Dodging        | 2 |  2.2
Fighting       | |  2.8
Throwing       | |  2.1
Stealth        | |  5.9

Action                     || total
---------------------------++-------
  Melee: Dagger            ||    54
   Stab: Sleeping          ||    13
 Armour: Robe              ||     2
  Dodge: Dodged            ||    33

Table legend: (Time is in decaauts)
 A = Elapsed time spent in this place.
 B = Non-inter-level travel time spent in this place.
 C = Inter-level travel time spent in this place.
 D = Time resting spent in this place.
 E = Time spent auto-exploring this place.
 F = Levels seen in this place.
 G = Mean time per level.
                   A        B        C        D        E       F      G
               +--------+--------+--------+--------+--------+-----+--------+
         Total |   1161 |   1094 |     67 |      0 |    936 |   2 |  580.5 |
       Dungeon |   1161 |   1094 |     67 |      0 |    936 |   2 |  580.5 |
               +--------+--------+--------+--------+--------+-----+--------+

Top non-repeatable levels by time:
     D:2: 633 daAuts
     D:1: 527 daAuts
